 Dungeon Crawl Stone Soup version 0.25-a0-617-g20d90ebb82 (console) character file.

Game seed: 10709652021007021985, levelgen mode: classic

81 Duffy the Insei (level 4, 35/35 HPs)
             Began as a Draconian Transmuter on Mar 18, 2020.
             Was a Follower of Elyvilon.
             Quit the game on level 2 of the Dungeon.
             The game lasted 00:01:10 (1759 turns).

Duffy the Insei (Draconian Transmuter)              Turns: 1759, Time: 00:01:11

Health: 35/35      AC:  5    Str: 12    XL:     4   Next: 19%
Magic:  16/16      EV: 12    Int: 14    God:    Elyvilon [*.....]
Gold:   59         SH:  0    Dex: 12    Spells: 1/7 levels left

rFire    . . .     SeeInvis .     - Unarmed
rCold    . . .     Gourm    .   (no shield)
rNeg     . . .     Faith    .   (armour unavailable)
rPois    .         Spirit   .   (helmet restricted)
rElec    .         Reflect  .   (no cloak)
rCorr    .         Harm     .   (no gloves)
MR       .....                  (no boots)
Stlth    +.........             (no amulet)
HPRegen  0.11/turn              e - ring of magical power
MPRegen  0.15/turn              (no ring)

@: no status effects
A: unfitting armour, cold-blooded, AC +5
a: Lesser Healing, Divine Protection, Renounce Religion


You were on level 2 of the Dungeon.
You worshipped Elyvilon.
Elyvilon was aware of your devotion.
You were not hungry.

You visited 1 branch of the dungeon, and saw 2 of its levels.

You collected 59 gold pieces.

Inventory:

Missiles
 a - 12 arrows
Jewellery
 e - a ring of magical power (left hand)
Scrolls
 d - a scroll of immolation {unknown}
 f - a scroll of teleportation {unknown}
Comestibles
 b - 2 chunks of flesh
 c - 4 rations


   Skills:
 - Level 1.1 Fighting
 - Level 1.7 Dodging
 + Level 5.1 Unarmed Combat
 - Level 2.0 Spellcasting
 - Level 2.0 Transmutations


You had one spell level left.
You knew the following spells:

 Your Spells              Type           Power        Failure   Level  Hunger
h - Beastly Appendage     Tmut           #.....       11%         1    ##.....
j - Sticks to Snakes      Tmut           #.......     16%         2    ###....
k - Spider Form           Tmut/Pois      #.........   43%         3    ####...

Your spell library contained the following spells:

 Spells                   Type           Power        Failure   Level  Hunger
 Ice Form                 Ice/Tmut       #.......     83%         4    #####..
 Blade Hands              Tmut           #.........   96%         5    ######.


Dungeon Overview and Level Annotations

Branches:
Dungeon (2/15)

Altars:
Elyvilon


Innate Abilities, Weirdness & Mutations

Your plain brown scales are hard. (AC +5)
You cannot fit into any form of body armour.
You are cold-blooded and may be slowed by cold attacks.


Message History

No target in view!
No target in view!
No target in view!
No target in view!
No target in view!
No target in view!
You butcher the giant cockroach corpse.
b - 2 chunks of flesh You now have 59 gold pieces (gained 8).
Found a stone staircase leading down.
Found 19 sling bullets.
There is a faded altar of an unknown god here.
You cannot tell which god this altar belongs to.
Convert to them anyway?
Okay, then.
You cannot tell which god this altar belongs to.
Convert to them anyway?
Elyvilon accepts your prayer! Elyvilon welcomes you!
You can now provide lesser healing for yourself.
You can now call on Elyvilon to save your life.
Are you sure you want to abandon this character and quit the game? (Confirm with "yes".)

#.# #.# ######.# #.#
.......# #.#
##########.##############
.....................>...
##############.....#.....
#........... #...#.......
##.#@#.... #..#....(#
#........# ###......#
......# ### #.....# ..#
....... #.# ##.#### #


There were no monsters in sight!

Vanquished Creatures
  4 adders
  A dart slug (D:1)
  A ball python (D:1)
  4 giant cockroaches
  4 goblins
  8 hobgoblins
  4 jackals (D:2)
  5 kobolds
  3 bats
  2 frilled lizards
  4 rats (D:1)
40 creatures vanquished.

Notes
Turn   | Place    | Note
-------+----------+-------------------------------------------
     0 | D:1      | Duffy the Draconian Transmuter began the quest for the Orb.
     0 | D:1      | Reached XP level 1. HP: 16/16 MP: 3/3
    30 | D:1      | Reached XP level 2. HP: 22/23 MP: 5/5
   408 | D:1      | Reached skill level 4 in Unarmed Combat
   816 | D:1      | Reached XP level 3. HP: 13/28 MP: 6/6
  1086 | D:2      | Learned a level 2 spell: Sticks to Snakes
  1090 | D:2      | Learned a level 3 spell: Spider Form
  1480 | D:2      | Reached skill level 5 in Unarmed Combat
  1480 | D:2      | Reached XP level 4. HP: 27/35 MP: 7/7
  1717 | D:2      | Found a faded altar of an unknown god.
  1758 | D:2      | Became a worshipper of Elyvilon the Healer
  1758 | D:2      | Reached * piety under Elyvilon
  1759 | D:2      | Quit the game

Levels and vault maps discovered:
D:1:      minmay_arrival_glassed_features, layout_basic
D:2:      layout_basic, chequers_ecumenical_altar_simple, first_ration,
          serial_rivers, chequers_serial_rivers_micro_c,
          chequers_serial_rivers_large_b, chequers_serial_rivers_room_b,
          chequers_serial_rivers_large_a, chequers_serial_rivers_room_b,
          chequers_serial_rivers_room_b

Skill      XL: |  1  2  3 |
---------------+----------+-----
Unarmed Combat | 4 5 |  5.1
Fighting       | |  1.1
Dodging        | |  1.7
Spellcasting   | |  2.0
Transmutations | |  2.0

Action                   |  1- 3 |  4- 6 || total
-------------------------+-------+-------++-------
Melee: Unarmed           |   136 |    20 ||   156
       Tailslap          |    13 |     2 ||    15
  Eat: Chunk             |     2 |     1 ||     3
Armor: Skin              |    43 |     4 ||    47
Dodge: Dodged            |   103 |    13 ||   116

Table legend:
 A = Non-vault XP
 B = Vault XP
 C = Vault XP percentage of total XP
 D = Non-vault monster count
 E = Vault monster count
 F = Vault count percentage of total count
                 A         B        C        D         E       F
            +---------+---------+-------+---------+---------+-------
      Total |     116 |       0 |   0.0 |      40 |       0 |   0.0
            +---------+---------+-------+---------+---------+-------
        D:1 |      64 |       0 |   0.0 |      24 |       0 |   0.0
        D:2 |      52 |       0 |   0.0 |      16 |       0 |   0.0
            +---------+---------+-------+---------+---------+-------
